Cogmind - Beta 15 @@@ ROGUE MODE // 2025.06.15 @ 10:38:56 Player: Loumardes Result: Destroyed by 89-AS2(g) with Beamcaster Performance ------------- Evolutions (5) 2500 Regions Visited (13) 2600 Robots Destroyed (211) 1055 Value Destroyed (9065) 9065 Prototype IDs (35) 700 Alien Tech Used (1) 200 Bonus (1903) 1903 TOTAL SCORE: 18023 Bonus ------- High Alert Combat Kills 595 Follower Combat Kills 386 Registered with UFD 300 Met Optimus in HQ 500 Met Data Miner 300 Friendly Fire -178 Cogmind --------- Core Integrity 0/1000 Matter 248/300 Energy 100/100 System Corruption 0% Temperature Cool (9) Movement Core (50) Location -5/Warlord Parts ------- > --- POWER (2) -------- (None) > --- PROPULSION (4) --- (None) > --- UTILITY (8) ------ Improved Signal Interpreter System Shield > --- WEAPON (3) ------- (None) > --- INVENTORY (5) ---- Advanced Focal Shield Recalibrator Cooled Plasma Cannon Improved Plasma Cutter Multitool Peak State ------------ > --- POWER ------------ Enhanced Fission Core > --- PROPULSION ------- Armored Treads Improved Medium Treads Armored Huge Wheel > --- UTILITY ---------- Advanced Heat Sink High-capacity Storage Unit Enhanced Scrap Shield Improved Hardlight Generator Makeshift Hacking Suite Improved System Shield > --- WEAPON ----------- Cooled Plasma Cannon Cooled Plasma Cannon Cooled Plasma Cannon > --- INVENTORY -------- F-cell Engine Scrap Suit Cryofiber Web Advanced Sensor Array Improved Signal Interpreter Layered Medium Armor Plating Heavy Reactive Plating Improved Hardlight Generator Authchip [Propulsion] Recalibrator Cooled Pulse Rifle Cooled Pulse Rifle Cooled Plasma Cannon Mini Assault Cannon Mini Grenade Launcher Improved Remote Datajack Multitool DRS Beacon [Rating: 82] Favorites ----------- Power Enhanced Fission Core Engine F-cell Engine Power Core Enhanced Fission Core Propulsion Armored Treads Treads Armored Treads Leg Carbon-fiber Leg Wheel Armored Huge Wheel Flight Unit Field Propulsion Drive Utility Makeshift Hacking Suite Device Advanced Heat Sink Storage High-capacity Storage Unit Processor Improved Signal Interpreter Hackware Makeshift Hacking Suite Protection Enhanced Scrap Shield Weapon Cooled Plasma Cannon Energy Gun Cooled Pulse Rifle Energy Cannon Cooled Plasma Cannon Ballistic Gun Improved Assault Rifle Ballistic Cannon Gauss Cannon Launcher Precision Grenade Launcher Special Weapon Mining Laser Special Melee Weapon Datajack Build | -11 -10 -10 -8 -8 -6 -6 -6 -6 -5 -5 -5 -5 -5 ------- Run | Yrd Mat Sub Rec Scr Fac Low Low Dat Pro Fac Upp Upp War Slots Evolved 10 | . . . . . 8 . . . . 2 . . . Power 1 | . . . . . . . . . . 1 . . . Propulsion 2 | . . . . . 2 . . . . . . . . Utility 6 | . . . . . 5 . . . . 1 . . . Weapon 1 | . . . . . 1 . . . . . . . . Parts Attached 146 | 7 12 13 11 6 55 6 1 . 1 25 4 5 . Power 17 | 1 1 3 2 1 4 . . . . 3 . 2 . Engine 11 | 1 1 2 2 . 2 . . . . 2 . 1 . Core 6 | . . 1 . 1 2 . . . . 1 . 1 . Reactor . | . . . . . . . . . . . . . . Propulsion 28 | 2 1 3 4 1 7 2 . . . 4 2 2 . Treads 16 | 2 1 . 3 1 4 . . . . 2 2 1 . Leg 3 | . . . . . 1 2 . . . . . . . Wheel 8 | . . 3 1 . 2 . . . . 2 . . . Hover . | . . . . . . . . . . . . . . Flight 1 | . . . . . . . . . . . . 1 . Utility 54 | 2 2 3 4 . 24 3 1 . 1 11 2 1 . Device 22 | 1 . . . . 10 2 1 . 1 6 1 . . Storage 4 | 1 1 . 1 . . . . . . 1 . . . Processor 6 | . . . 1 . 2 . . . . 3 . . . Hackware 7 | . . . . . 6 . . . . 1 . . . Protection 15 | . 1 3 2 . 6 1 . . . . 1 1 . Artifact . | . . . . . . . . . . . . . . Weapon 47 | 2 8 4 1 4 20 1 . . . 7 . . . Energy Gun 9 | 1 1 . . . 6 . . . . 1 . . . Energy Cannon 14 | . 1 2 . 1 7 1 . . . 2 . . . Ballistic Gun 8 | 1 4 . . . 3 . . . . . . . . Ballistic Cannon 7 | . 1 1 . 1 3 . . . . 1 . . . Launcher 3 | . . 1 . 1 . . . . . 1 . . . Special Weapon 5 | . 1 . 1 . 1 . . . . 2 . . . Impact Weapon . | . . . . . . . . . . . . . . Slashing Weapon . | . . . . . . . . . . . . . . Piercing Weapon . | . . . . . . . . . . . . . . Special Melee Weapon 1 | . . . . 1 . . . . . . . . . Unidentified Prototypes 14 | . 1 . . . 10 1 . . . 1 . 1 . Corrupted Parts 2 | . . . . . 1 . . . . 1 . . . System Corruption 6 | . . . . . 4 . . . . 2 . . . Parts Lost 46 | . . 2 2 3 11 3 . . 2 4 1 18 . Power 8 | . . 1 1 1 2 . . . . . . 3 . Propulsion 14 | . . . . 1 3 1 . . 1 1 . 7 . Utility 15 | . . 1 1 . 4 1 . . 1 1 1 5 . Weapon 9 | . . . . 1 2 1 . . . 2 . 3 . Highest Loss Streak 14 | . . 1 2 2 3 2 . . 2 2 1 14 . To Critical Strikes . | . . . . . . . . . . . . . . Average Backups 10 | 2 9 5 14 17 16 10 4 5 5 8 9 9 5 Power . | . 1 . . . . . 1 1 1 . . . . Propulsion . | 1 . 1 2 1 . . . . . . . . . Utility 5 | . 4 3 7 10 7 5 2 3 3 5 6 5 2 Weapon 2 | . 2 1 2 2 4 2 . . . . 1 . 1 Tool/Special . | . . . . . . . . . . . . . . Unused Backups 49 | . 8 5 2 2 18 7 1 . . 3 . 3 . Power 4 | . 1 2 . . 1 . . . . . . . . Propulsion 6 | . 3 1 . . 1 . . . . 1 . . . Utility 24 | . 1 2 . 2 8 6 . . . 2 . 3 . Weapon 14 | . 3 . 2 . 7 1 1 . . . . . . Tool/Special 1 | . . . . . 1 . . . . . . . . Average Slot Usage (%) 88 | . 97 87 98 99 81 88 93 93 92 95 94 65 11 Engine 5 | . 14 6 13 13 1 . . . . 6 11 7 . Core 3 | . . 7 . . 4 6 6 6 5 3 . . . Treads 13 | . 26 19 14 14 7 13 13 13 12 15 11 8 . Leg 3 | . . . . . . 6 13 13 12 3 . . . Wheel 5 | . . 8 14 13 7 2 . . . . 11 6 . Device 10 | . 12 1 . . 7 16 20 20 20 18 14 9 . Storage 5 | . 14 3 14 14 6 2 . . . 4 5 4 . Processor 3 | . . . 4 13 . . . . . 10 7 5 5 Hackware 8 | . . . . . 15 13 13 13 12 10 5 5 5 Protection 5 | . 1 11 8 . 6 5 6 6 6 . 4 2 . Energy Gun 1 | . 4 . . . 4 . . . . . . . . Energy Cannon 11 | . 3 11 13 8 4 19 20 20 20 14 6 4 . Ballistic Gun 5 | . 16 13 13 13 4 . . . . . . . . Ballistic Cannon 1 | . 2 . . . 3 . . . . . 5 2 . Peak Build Rating 82 | 7 12 15 18 22 80 82 78 78 78 79 72 72 8 Average Rating 52 | 4 10 13 16 18 61 78 77 77 77 72 70 49 8 On Entrance 41 | . 7 10 12 18 22 80 78 77 78 45 70 71 8 Naked Turns . | . . . . . . . . . . . . . . Heaviest Build 121 | 12 26 34 66 58 121 121 61 61 61 72 98 100 . Greatest Support 66 | 40 40 40 20 40 56 50 50 50 50 66 43 51 3 Greatest Overweight (x) 10 | 1 6 1 3 3 4 4 1 1 2 6 4 10 . Average Overweight (x) 1 | . . . 2 2 2 2 1 1 . . 3 1 . Largest Inventory Capacity 20 | 8 10 10 20 20 20 20 5 5 5 10 10 10 5 Average Capacity 12 | 7 9 6 16 20 20 11 5 5 5 9 10 9 5 Most Carried 20 | 6 10 10 20 20 20 20 5 5 5 10 10 10 5 Average Carried 11 | 3 9 6 16 19 19 11 4 5 4 8 9 9 5 Final Capacity 20 | 8 10 10 20 20 20 5 5 5 5 10 10 5 5 Final Carried 20 | 6 10 10 20 18 20 5 5 5 5 10 10 5 5 Class Distribution -------------------- 33% | Hacker-Tank 14% | Commander-Mutant 13% | Mutant 6% | Scavenger-Tank 6% | Tank 6% | Hacker-Skirmisher 6% | Subdweller-Mutant 5% | Scavenger-Skirmisher 4% | Scavenger-Mutant Dominant Class ---------------- Mutant | -10/Materials Subdweller-Mutant | -10/Subcaves Commander-Mutant | -8/Recycling Commander-Mutant | -8/Scraptown Hacker-Tank | -6/Factory Hacker-Tank | -6/Lower Caves Hacker-Tank | -6/Lower Caves Hacker-Tank | -6/Data Miner Hacker-Tank | -5/Proximity Caves Scavenger-Skirmisher | -5/Factory Tank | -5/Upper Caves Tank | -5/Upper Caves Mutant | -5/Warlord Resources | -11 -10 -10 -8 -8 -6 -6 -6 -6 -5 -5 -5 -5 -5 ----------- Run | Yrd Mat Sub Rec Scr Fac Low Low Dat Pro Fac Upp Upp War Matter Collected 5431 | 218 382 485 190 251 2381 291 20 . 40 486 305 382 . Remotely . | . . . . . . . . . . . . . . Salvage Created 10050 | 18 496 601 317 958 3597 880 299 . 718 1596 237 333 . Parts 417 | 4 30 40 15 39 149 26 10 . 32 54 9 9 . Haulers Intercepted 6 | . 1 . . . 4 . . . . 1 . . . Recyclers Shooed 12 | 1 1 . 1 . 7 . . . . 2 . . . Parts Field Recycled . | . . . . . . . . . . . . . . Retrieved Matter . | . . . . . . . . . . . . . . Parts Self-Destructed 98 | . . 16 . . . 22 11 . 29 . 11 9 . Prevented 1 | . . . . . . 1 . . . . . . . Kills | -11 -10 -10 -8 -8 -6 -6 -6 -6 -5 -5 -5 -5 -5 ------- Run | Yrd Mat Sub Rec Scr Fac Low Low Dat Pro Fac Upp Upp War Combat Hostiles Destroyed 176 | . 9 14 6 16 55 14 5 . 11 23 12 11 . Guns 38 | . 8 7 1 1 21 . . . . . . . . Cannons 97 | . . 5 5 4 27 11 5 . 11 21 4 4 . AOE 38 | . 1 2 . 11 6 3 . . . . 8 7 . Classes Destroyed 25 | 1 6 4 3 4 5 1 . . . . 1 . . Worker 6 | . . . . . 4 . . . . 2 . . . Builder 2 | . . . . . 1 . . . . 1 . . . Tunneler 2 | 1 . . . . 1 . . . . . . . . Hauler 6 | . 1 . . . 4 . . . . 1 . . . Recycler 7 | . 2 . 1 . 3 . . . . 1 . . . Operator 1 | . 1 . . . . . . . . . . . . Drone 1 | . . . . . 1 . . . . . . . . Turret 2 | . . 2 . . . . . . . . . . . Watcher 6 | . 2 . . . 2 . . . . 2 . . . Swarmer 26 | . 5 1 . . 3 2 1 . . 5 7 2 . Grunt 67 | . 4 1 . . 34 8 3 . 7 5 3 2 . Brawler 5 | . . . . . . 1 . . 1 . 1 2 . Duelist 8 | . . . 1 . 1 1 . . 1 . . 4 . Protector 1 | . . . 1 . . . . . . . . . . Sentry 15 | . . 1 2 2 2 2 1 . 1 2 1 1 . Hunter 13 | . . . . . 8 . . . 1 4 . . . Programmer 15 | . . . 2 . 6 . . . . 7 . . . Behemoth 1 | . . . . . 1 . . . . . . . . Artisan 2 | . . 2 . . . . . . . . . . . Subdweller 11 | . . 11 . . . . . . . . . . . Federalist 1 | . . . . 1 . . . . . . . . . Ranger 2 | . . . . 2 . . . . . . . . . Guru 2 | . . . . 2 . . . . . . . . . Scrapper 11 | . . . . 11 . . . . . . . . . Samaritan 1 | . . . . . . . . . . . 1 . . Thug 1 | . . . . . 1 . . . . . . . . Best Kill Streak 15 | 1 6 2 3 15 7 4 3 . 2 9 5 6 . Combat Bots Only 15 | . 3 2 3 15 4 4 3 . 2 8 5 6 . Max Kills in Single Turn 4 | 1 2 1 1 4 3 2 2 . 2 2 3 3 . Gunslinging 1 | . 1 . . . . . . . . . . . . Exploded 4 | . 1 1 . 4 2 1 . . . . 3 3 . Melee . | . . . . . . . . . . . . . . Uniques/NPCs Destroyed . | . . . . . . . . . . . . . . Combat | -11 -10 -10 -8 -8 -6 -6 -6 -6 -5 -5 -5 -5 -5 -------- Run | Yrd Mat Sub Rec Scr Fac Low Low Dat Pro Fac Upp Upp War Hostile Shots Fired 1034 | . 34 104 16 37 417 61 8 . 81 91 42 142 1 Missed 284 | . 12 41 3 12 119 20 4 . 23 17 12 21 . Hits 750 | . 22 63 13 25 298 41 4 . 58 74 30 121 1 Melee 21 | . . . . . 1 . . . 4 . 1 15 . Projectile 729 | . 22 63 13 25 297 41 4 . 54 74 29 106 1 AOE 2 | . . . 2 . . . . . . . . . . Critical Strikes 27 | . . 3 3 2 9 . . . 3 1 1 5 . Part Disruptions 1 | . . . . . . . . . . 1 . . . Damage Taken 12523 | . 201 1017 256 612 4734 654 35 . 960 945 447 2640 22 Core 1777 | . 38 108 37 65 395 76 . . 49 147 24 816 22 Absorbed by Shields 1501 | . . . 60 180 229 234 24 . 150 186 174 264 . Ignored by Resistances 738 | . . . . . 277 . . . . 29 100 332 . Regen/Repaired (Parts) 402 | . . . . . 220 . . . . 182 . . . Core Remaining (%) 46 | 100 . . . . . . . . 38 . . . . Volleys Fired 484 | 3 30 57 22 14 203 27 5 . 15 56 20 32 . Largest 3 | 2 2 2 2 2 3 3 3 . 3 3 3 3 . Hottest 315 | 60 100 103 103 105 180 315 315 . 315 315 161 161 . Shots Fired 1060 | 6 55 108 43 22 491 60 15 . 41 122 42 55 . Gun 354 | 6 40 51 22 7 226 . . . . 2 . . . Cannon 660 | . 13 51 21 9 254 55 15 . 41 119 33 49 . Launcher 39 | . . 5 . 6 8 5 . . . . 9 6 . Special 7 | . 2 1 . . 3 . . . . 1 . . . Kinetic 369 | 3 31 55 22 8 215 . . . . . 16 19 . Thermal 593 | 3 7 48 21 8 229 55 15 . 41 119 17 30 . Explosive 39 | . . 5 . 6 8 5 . . . . 9 6 . Electromagnetic 55 | . 17 . . . 36 . . . . 2 . . . Robot Hit Streak 16 | 2 10 12 8 9 16 8 3 . 13 11 7 15 . Robot Miss Streak 5 | 2 3 3 2 1 5 4 2 . 3 3 4 4 . Penetration Max 1 | . . . . . 1 . . . . . . 1 . Secondary Targets 2 | . 2 . . . . . . . . . . . . Max Gunslinging Chain 1 | . 1 . . . . . . . . . . . . Shots Hit Robots 669 | 3 33 73 29 19 327 33 5 . 20 65 26 36 . Core Hits 382 | 1 16 26 12 34 162 29 5 . 13 27 25 32 . Critical Kills 2 | . . . . . 1 . . . . 1 . . . Critical Parts Destroyed 1 | . . 1 . . . . . . . . . . . Critical Strikes 18 | . 1 1 . . 10 . . . . 1 4 1 . Burn 2 | . . . . . 2 . . . . . . . . Meltdown 2 | . . . . . 1 . . . . 1 . . . Destroy 1 | . . 1 . . . . . . . . . . . Blast 12 | . . . . . 7 . . . . . 4 1 . Corrupt 1 | . 1 . . . . . . . . . . . . Melee Attacks 11 | . . . . 4 7 . . . . . . . . Impact . | . . . . . . . . . . . . . . Slashing . | . . . . . . . . . . . . . . Piercing . | . . . . . . . . . . . . . . Sneak Attacks 11 | . . . . 4 7 . . . . . . . . Combat Hostiles 1 | . . . . . 1 . . . . . . . . Follow-up Attacks . | . . . . . . . . . . . . . . Damage Inflicted 26704 | 65 560 1617 753 1692 10084 1965 344 . 1245 4476 1749 2154 . Guns 5541 | 65 397 484 250 67 4250 . . . . 28 . . . Cannons 14882 | . 142 660 503 125 4525 1247 344 . 1245 4444 578 1069 . Explosions 6237 | . 21 473 . 1500 1269 718 . . . . 1171 1085 . Melee . | . . . . . . . . . . . . . . Ramming 44 | . . . . . 40 . . . . 4 . . . Kinetic 5516 | 43 299 501 250 67 3579 . . . . . 347 430 . Thermal 14221 | 22 109 643 503 125 4669 1247 344 . 1245 4444 231 639 . Explosive 6004 | . . 473 . 1500 1057 718 . . . . 1171 1085 . Electromagnetic 919 | . 152 . . . 739 . . . . 28 . . . Impact . | . . . . . . . . . . . . . . Slashing . | . . . . . . . . . . . . . . Piercing . | . . . . . . . . . . . . . . Highest Corruption 11 | . . . 1 5 5 5 . . . 3 6 11 11 Average Corruption 4 | . . . 1 4 4 3 . . . 1 4 8 11 Corruption Purged 5 | . . . . . . 5 . . . . . . . Corruption Blocked . | . . . . . . . . . . . . . . Effects 175 | . . . 4 1 69 20 . . . 10 20 50 1 Message Errors 40 | . . . . . 15 6 . . . 2 7 9 1 Matter Fused 34 | . . . 2 1 11 4 . . . 1 3 12 . Heat Flow Errors 21 | . . . . . 6 3 . . . 1 3 8 . Energy Discharges 27 | . . . 2 . 9 4 . . . 1 3 8 . Parts Rejected 1 | . . . . . 1 . . . . . . . . Parts Fused 2 | . . . . . 2 . . . . . . . . Data Loss (minor) 21 | . . . . . 11 1 . . . 2 2 5 . Data Loss (major) 7 | . . . . . 5 . . . . 2 . . . Misfires 6 | . . . . . 2 1 . . . 1 1 1 . Alerts 6 | . . . . . 1 1 . . . . 1 3 . Misdirections 2 | . . . . . . . . . . . . 2 . Weapon Failures 8 | . . . . . 6 . . . . . . 2 . Overload Shots 192 | . . . . . 55 15 9 . 27 86 . . . Effects 17 | . . . . . 1 . 2 . 4 10 . . . Energy Bleed 5 | . . . . . . . 1 . 1 3 . . . Heat Surge 5 | . . . . . 1 . . . 1 3 . . . Short Circuit 7 | . . . . . . . 1 . 2 4 . . . Overflow Damage 915 | . 11 . 8 64 152 53 10 . 10 499 82 26 . Projectiles 755 | . 11 . 8 . 145 48 10 . 10 499 17 7 . Explosions 160 | . . . . 64 7 5 . . . . 65 19 . Melee . | . . . . . . . . . . . . . . Knockbacks 22 | . 1 . . . 16 . . . . . 3 2 . Impact . | . . . . . . . . . . . . . . Kinetic 22 | . 1 . . . 16 . . . . . 3 2 . Secondary . | . . . . . . . . . . . . . . Self-Inflicted Damage 579 | . . . . 48 97 128 . . . . 66 240 . Shots 19 | . . . . 1 4 5 . . . . 4 5 . Rammed 8 | . . . . . 5 . . . . 1 . 2 . Targets Rammed 8 | . . . . . 5 . . . . 1 . 2 . Kicked . | . . . . . . . . . . . . . . Crushed . | . . . . . . . . . . . . . . Highest Temperature 502 | . 250 17 206 180 502 354 342 . 365 477 259 405 . Average Temperature 111 | . 50 6 74 63 114 133 150 . 139 136 127 127 . Received Heat Transfer 2972 | . 36 288 70 244 1168 224 5 . 213 54 79 582 9 Effects 18 | . . . . . 14 . . . . 1 1 2 . Shutdowns 1 | . . . . . . . . . . . . 1 . Energy Bleed 2 | . . . . . 1 . . . . . 1 . . Interference 11 | . . . . . 10 . . . . 1 . . . Short Circuit 1 | . . . . . 1 . . . . . . . . Damage (minor) 1 | . . . . . . . . . . . . 1 . Damage (major) 2 | . . . . . 2 . . . . . . . . Siege Activations . | . . . . . . . . . . . . . . Martial Activations . | . . . . . . . . . . . . . . Shielding Activations . | . . . . . . . . . . . . . . Robots Disrupted 1 | . . . . . 1 . . . . . . . . Combat Hostiles 1 | . . . . . 1 . . . . . . . . Robots Corrupted . | . . . . . . . . . . . . . . Combat Hostiles . | . . . . . . . . . . . . . . Parts Fried 3 | . . . . . 3 . . . . . . . . Impact Corruptions . | . . . . . . . . . . . . . . Robots Melted 3 | . . . . . 1 . . . . 2 . . . Combat Hostiles 3 | . . . . . 1 . . . . 2 . . . Parts Melted 48 | . . 1 1 2 11 2 1 . 3 26 1 . . Heat Transferred 18791 | 50 185 1110 574 137 6826 1760 420 . 1550 5180 259 740 . Parts Sabotaged 4 | . . . . . . . . . 4 . . . . Parts Stolen . | . . . . . . . . . . . . . . Parts Stripped . | . . . . . . . . . . . . . . Power Chain Reactions 2 | . 1 . . . 1 . . . . . . . . Alert | -11 -10 -10 -8 -8 -6 -6 -6 -6 -5 -5 -5 -5 -5 ------- Run | Yrd Mat Sub Rec Scr Fac Low Low Dat Pro Fac Upp Upp War Maximum Alert Level 3 | . . . . . 3 . . . . 2 . . . Low Security (%) 70 | 100 100 . 100 . 53 . . . . 69 . . . Level 1 6 | . . . . . 3 . . . . 18 . . . Level 2 13 | . . . . . 22 . . . . 12 . . . Level 3 9 | . . . . . 21 . . . . . . . . Level 4 . | . . . . . . . . . . . . . . Level 5 . | . . . . . . . . . . . . . . High Security . | . . . . . . . . . . . . . . Max Security . | . . . . . . . . . . . . . . Peak Influence 946 | 5 168 . 71 . 946 . . . . 419 . . . Initial 19 | . . . 19 . . . . . . 18 . . . Average 201 | . 71 . 7 . 346 . . . . 126 . . . Influence Increases 4642 | 5 305 185 306 . 1893 295 120 . 260 771 260 242 . Destroy 0b10 Robot/C 3140 | . 180 100 220 . 1100 280 100 . 220 460 240 240 . Destroy 0b10 Robot/NC 160 | 5 30 . 10 . 75 5 . . . 35 . . . Destroy Leader 504 | . 36 10 . . 252 10 20 . 40 116 20 . . Allied During Kill 68 | . . . 66 . . . . . . . . 2 . Successful Hack 94 | . 20 . 6 . 44 . . . . 24 . . . Disable Machine 195 | . 15 . . . 150 . . . . 30 . . . Destroy Structure 181 | . 9 . 4 . 92 . . . . 76 . . . Partial Spotted 15 | . . . . . . . . . . 15 . . . Lose Combat Pursuer 285 | . 15 75 . . 180 . . . . 15 . . . Influence Decreases 4642 | 5 222 226 348 . 952 1071 263 22 230 395 553 355 . Entered New Map 653 | . . 41 23 . . 349 32 22 . 12 151 23 . Time Decay 3220 | 5 222 185 194 . 532 692 231 . 210 333 392 224 . Lost Part 318 | . . . 20 . 90 30 . . 20 40 10 108 . Lost Ally 80 | . . . 40 . 30 . . . . 10 . . . Purge Threat 371 | . . . 71 . 300 . . . . . . . . Squads Dispatched 39 | . 1 . . . 25 . . . 1 11 . 1 . Investigation 14 | . . . . . 8 . . . . 6 . . . Extermination 9 | . . . . . 6 . . . . 3 . . . Reinforcement 9 | . 1 . . . 7 . . . . 1 . . . Assault 6 | . . . . . 3 . . . 1 1 . 1 . Garrison 1 | . . . . . 1 . . . . . . . . Intercept . | . . . . . . . . . . . . . . Searches Triggered . | . . . . . . . . . . . . . . Data Miner Redirects 1 | . . . . . . . . . . 1 . . . Construction Impeded 2 | . . . . . 2 . . . . . . . . Haulers Reinforced 5 | . . . . . 4 . . . . 1 . . . Active Scanning Responses . | . . . . . . . . . . . . . . Cargo Convoy Interrupts 1 | . . . . . . . . . . 1 . . . Stealth | -11 -10 -10 -8 -8 -6 -6 -6 -6 -5 -5 -5 -5 -5 --------- Run | Yrd Mat Sub Rec Scr Fac Low Low Dat Pro Fac Upp Upp War Distress Signals 6 | . 1 . . . 3 . . . . 2 . . . Communications Jammed . | . . . . . . . . . . . . . . Distress Signals . | . . . . . . . . . . . . . . Times Spotted 246 | . 16 22 11 24 81 11 4 . 20 27 13 16 1 Peak Tracking Total 14 | . 4 3 5 13 6 4 3 . 14 7 5 7 . Tactical Retreats 13 | . 2 2 . . 8 . . . . 1 . . . Traps | -11 -10 -10 -8 -8 -6 -6 -6 -6 -5 -5 -5 -5 -5 ------- Run | Yrd Mat Sub Rec Scr Fac Low Low Dat Pro Fac Upp Upp War Traps Triggered 13 | . 3 1 . . 9 . . . . . . . . Indirectly . | . . . . . . . . . . . . . . Trap Hack Attempts . | . . . . . . . . . . . . . . Triggered . | . . . . . . . . . . . . . . Disarmed . | . . . . . . . . . . . . . . Reprogrammed . | . . . . . . . . . . . . . . Reused . | . . . . . . . . . . . . . . Traps Extracted . | . . . . . . . . . . . . . . Installed 1 | . . . . . 1 . . . . . . . . Triggered . | . . . . . . . . . . . . . . Most Traps Carried 2 | . . . . . 2 . . . . . . . . Machines | -11 -10 -10 -8 -8 -6 -6 -6 -6 -5 -5 -5 -5 -5 ---------- Run | Yrd Mat Sub Rec Scr Fac Low Low Dat Pro Fac Upp Upp War Machines Disabled 24 | . 1 1 . 4 10 3 . . . 2 1 2 . Max in Single Turn 2 | . 1 1 . 2 2 1 . . . 1 1 1 . Garrison Access 3 | . . . . . 2 . . . . 1 . . . Machines Repaired . | . . . . . . . . . . . . . . Machines Dismantled . | . . . . . . . . . . . . . . Machines Sabotaged . | . . . . . . . . . . . . . . Overloaded Fab Kills . | . . . . . . . . . . . . . . Hacking | -11 -10 -10 -8 -8 -6 -6 -6 -6 -5 -5 -5 -5 -5 --------- Run | Yrd Mat Sub Rec Scr Fac Low Low Dat Pro Fac Upp Upp War Machines Accessed 62 | . 5 3 8 10 16 1 1 4 . 11 . 3 . Terminals 16 | . 4 . 5 . 4 . . . . 3 . . . Fabricators 4 | . . . . . 3 . . . . 1 . . . Repair Stations 4 | . . . . . 2 . . . . 2 . . . Recycling Units 11 | . 1 . 3 . 4 . . . . 3 . . . Scanalyzers 2 | . . . . . 1 . . . . 1 . . . Garrison Access 3 | . . . . . 2 . . . . 1 . . . Total Hacks 218 | . 17 7 19 54 55 1 1 29 . 27 . 8 . Successful 166 | . 4 7 9 54 33 1 1 29 . 20 . 8 . Failed 51 | . 12 . 10 . 22 . . . . 7 . . . Catastrophic 8 | . 2 . 2 . 2 . . . . 2 . . . Database Lockouts 1 | . 1 . . . . . . . . . . . . Manual 49 | . 7 . 12 1 12 . . . . 17 . . . Terminals 50 | . 14 . 13 . 16 . . . . 7 . . . Fabricators 15 | . . . . . 12 . . . . 3 . . . Repair Stations 10 | . . . . . 5 . . . . 5 . . . Recycling Units 27 | . 3 . 6 . 12 . . . . 6 . . . Scanalyzers 9 | . . . . . 6 . . . . 3 . . . Garrison Access 7 | . . . . . 4 . . . . 3 . . . Terminal Hacks 115 | . 4 7 4 54 7 1 1 29 . . . 8 . Record 71 | . . 5 1 46 1 . . 11 . . . 7 . Part Schematic 11 | . . . . . 2 . . 9 . . . . . Robot Schematic 7 | . 1 . . . . . . 6 . . . . . Robot Analysis 8 | . . . 1 7 . . . . . . . . . Prototype ID Bank 3 | . . . . . . . . 3 . . . . . Open Door 4 | . . 1 . . . 1 1 . . . . 1 . Terminal Index 1 | . . . . . 1 . . . . . . . . Alert Level 2 | . . . 1 . 1 . . . . . . . . Unreport Threat 3 | . . . 1 . 2 . . . . . . . . Maintenance Status 1 | . 1 . . . . . . . . . . . . Reinforcement Status 1 | . 1 . . . . . . . . . . . . Hauler Manifests 1 | . 1 . . . . . . . . . . . . Proto ID Catalog 1 | . . . . 1 . . . . . . . . . Release Object 1 | . . 1 . . . . . . . . . . . Fabricator Hacks 9 | . . . . . 7 . . . . 2 . . . Network Status 1 | . . . . . 1 . . . . . . . . Load Schematic 4 | . . . . . 3 . . . . 1 . . . Build 4 | . . . . . 3 . . . . 1 . . . Repair Station Hacks 6 | . . . . . 4 . . . . 2 . . . Scan Component 3 | . . . . . 2 . . . . 1 . . . Repair 3 | . . . . . 2 . . . . 1 . . . Recycling Unit Hacks 13 | . . . 5 . 5 . . . . 3 . . . Process 1 | . . . . . 1 . . . . . . . . Report Inventory 9 | . . . 4 . 3 . . . . 2 . . . Retrieve Matter 1 | . . . . . 1 . . . . . . . . Retrieve Components 2 | . . . 1 . . . . . . 1 . . . Scanalyzer 7 | . . . . . 4 . . . . 3 . . . Insert Component 3 | . . . . . 2 . . . . 1 . . . Analyze 4 | . . . . . 2 . . . . 2 . . . Garrison Access Hacks 3 | . . . . . 2 . . . . 1 . . . Seal Access 3 | . . . . . 2 . . . . 1 . . . Unauthorized Hacks 13 | . . . . . 4 . . . . 9 . . . Terminals 3 | . . . . . . . . . . 3 . . . Assimilate 1 | . . . . . . . . . . 1 . . . Botnet 2 | . . . . . . . . . . 2 . . . Fabricators 2 | . . . . . 1 . . . . 1 . . . Prioritize 2 | . . . . . 1 . . . . 1 . . . Repair Stations 1 | . . . . . . . . . . 1 . . . Patch 1 | . . . . . . . . . . 1 . . . Recycling Units 6 | . . . . . 3 . . . . 3 . . . Fedlink 6 | . . . . . 3 . . . . 3 . . . Scanalyzers . | . . . . . . . . . . . . . . Garrison Access 1 | . . . . . . . . . . 1 . . . Decoy 1 | . . . . . . . . . . 1 . . . Data Cores Recovered . | . . . . . . . . . . . . . . Used . | . . . . . . . . . . . . . . Hacking Detections 26 | . 5 . 5 . 9 . . . . 7 . . . Full Trace Events 7 | . . . . . 5 . . . . 2 . . . Feedback Events . | . . . . . . . . . . . . . . Feedback Blocked . | . . . . . . . . . . . . . . Robot Schematics Acquired 7 | . 1 . . . . . . 6 . . . . . Robots Built . | . . . . . . . . . . . . . . Authchips . | . . . . . . . . . . . . . . Time . | . . . . . . . . . . . . . . Total Robot Build Rating . | . . . . . . . . . . . . . . Part Schematics Acquired 13 | . . . . . 3 . . 9 . 1 . . . Parts Built 5 | . . . . . 4 . . . . 1 . . . Authchips 1 | . . . . . 1 . . . . . . . . Time 148 | . . . . . 101 . . . . 47 . . . Total Part Build Rating 25 | . . . . . 20 . . . . 5 . . . Parts Repaired 3 | . . . . . 2 . . . . 1 . . . Time 101 | . . . . . 76 . . . . 25 . . . Parts Recycled . | . . . . . . . . . . . . . . Recycled Matter 95 | . . . . . 95 . . . . . . . . Retrieved Matter 95 | . . . . . 95 . . . . . . . . Retrieved Components 12 | . . . 3 . . . . . . 9 . . . Parts Scanalyzed 3 | . . . . . 2 . . . . 1 . . . Part Schematics Acquired 2 | . . . . . 1 . . . . 1 . . . Parts Damaged 1 | . . . . . 1 . . . . . . . . Bothacking | -11 -10 -10 -8 -8 -6 -6 -6 -6 -5 -5 -5 -5 -5 ------------ Run | Yrd Mat Sub Rec Scr Fac Low Low Dat Pro Fac Upp Upp War Used RIF Installer . | . . . . . . . . . . . . . . Robots Hacked 10 | . . . . 3 6 . . . . 1 . . . Non-combat 8 | . . . . 1 6 . . . . 1 . . . Combat 2 | . . . . 2 . . . . . . . . . Robot Hacks Applied 13 | . . . . 4 8 . . . . 1 . . . parse_system 6 | . . . . 4 2 . . . . . . . . no_distress 2 | . . . . . 2 . . . . . . . . find_chute 4 | . . . . . 4 . . . . . . . . find_station 1 | . . . . . . . . . . 1 . . . Relay Couplers Released 3 | . . . . . 3 . . . . . . . . Programmers 3 | . . . . . 3 . . . . . . . . Fabnet Peak Effective % . | . . . . . . . . . . . . . . Robots Rewired 17 | . . . 14 . 1 . . . . . . 2 . Allies Hacked 1 | . . . 1 . . . . . . . . . . Hacks Repelled . | . . . . . . . . . . . . . . Allies | -11 -10 -10 -8 -8 -6 -6 -6 -6 -5 -5 -5 -5 -5 -------- Run | Yrd Mat Sub Rec Scr Fac Low Low Dat Pro Fac Upp Upp War Total Allies 18 | . . . 14 . 1 . . . . 1 . 2 . Largest Group 12 | . . . 12 12 1 . . . . 1 . 2 . Highest-Rated Group 210 | . . . 210 207 29 . . . . 10 . 59 . Highest-Rated Ally 30 | . . . 27 27 29 . . . . 10 . 30 . Total Orders 13 | . . . 2 . 11 . . . . . . . . STAY 3 | . . . 1 . 2 . . . . . . . . FOLLOW 1 | . . . 1 . . . . . . . . . . EXPLORE 6 | . . . . . 6 . . . . . . . . RETURN 3 | . . . . . 3 . . . . . . . . Ally Attacks 65 | . . . 32 21 7 . . . . . . 5 . Total Damage 1265 | . . . 605 383 146 . . . . . . 131 . Kills 11 | . . . 6 4 . . . . . . . 1 . Allies Corrupted 1 | . . . . . 1 . . . . . . . . Allies Melted 5 | . . . . 5 . . . . . . . . . Intel | -11 -10 -10 -8 -8 -6 -6 -6 -6 -5 -5 -5 -5 -5 ------- Run | Yrd Mat Sub Rec Scr Fac Low Low Dat Pro Fac Upp Upp War Active Infowar (turns) 8687 | 8 693 243 . . 266 2385 1148 185 1364 1991 404 . . Sensors 6856 | . . . . . . 2385 1148 185 1364 1774 . . . Seismic 944 | 8 693 243 . . . . . . . . . . . Decoding 2248 | . . . . . . . . . . 1844 404 . . T.N.C. 266 | . . . . . 266 . . . . . . . . Robot Analysis Total 8 | . . . 1 7 . . . . . . . . . Derelict Logs Recovered 11 | . . 2 . 3 . 1 . . 3 . . 2 . Drone Launches 4 | . . . . . 4 . . . . . . . . Drone Recoveries . | . . . . . . . . . . . . . . Decoded 0b10 Intel 31 | . . . . . . . . . . 31 . . . Garrisons 2 | . . . . . . . . . . 2 . . . Patrols 18 | . . . . . . . . . . 18 . . . Investigations 5 | . . . . . . . . . . 5 . . . Guards 6 | . . . . . . . . . . 6 . . . Exploration | -11 -10 -10 -8 -8 -6 -6 -6 -6 -5 -5 -5 -5 -5 ------------- Run | Yrd Mat Sub Rec Scr Fac Low Low Dat Pro Fac Upp Upp War Turns Passed 20604 | 74 788 2355 1416 1806 3887 2835 1148 185 1367 2277 935 1487 44 Spaces Moved 10745 | 40 395 1472 803 1169 1671 1596 521 90 645 902 594 761 86 Core 159 | 17 6 . . . . . . . . . . 50 86 Treads 2665 | 23 389 557 4 12 94 38 212 19 8 858 2 449 . Legs 1724 | . . . . . . 707 309 71 637 . . . . Wheels 6197 | . . 915 799 1157 1577 851 . . . 44 592 262 . Hover . | . . . . . . . . . . . . . . Flight . | . . . . . . . . . . . . . . Fastest Speed 50 | 50 160 120 120 145 115 145 195 195 165 115 115 50 50 Average Speed 160 | 124 162 141 136 146 150 169 215 205 195 188 144 165 50 Slowest Speed 550 | 160 350 240 240 255 460 245 245 245 330 330 325 550 50 Overloaded Moves . | . . . . . . . . . . . . . . Propulsion Burnouts . | . . . . . . . . . . . . . . Robots Hopped . | . . . . . . . . . . . . . . Potential Cave-ins 2 | . . . . . . . . . . 2 . . . Cave-ins Triggered 1 | . . . . 1 . . . . . . . . . Exploration Rate (%) 63 | 4 64 59 98 89 40 96 65 73 80 26 70 95 23 Regions Visited 13 Branch Regions 10 Pre-discovered Areas 4 | . . 1 . . 1 . . 1 1 . . . . Known Exits Taken 7 | . . . 1 1 . 1 1 . . 1 1 1 . Unknown Exits Taken 6 | 1 1 1 . . 1 . . 1 1 . . . . Scrap Searched 24 | . . 4 . 4 . 4 2 . 4 . 2 4 . Spaces Dug 35 | . 1 . . 1 16 1 . . 3 12 1 . . Terrain Destroyed 463 | . 7 32 4 66 109 38 9 . 17 39 81 61 . Melee . | . . . . . . . . . . . . . . Projectile 173 | . 1 3 4 4 52 18 9 . 17 39 11 15 . AOE 290 | . 6 29 . 62 57 20 . . . . 70 46 . Terrain Rammed . | . . . . . . . . . . . . . . Walls Destroyed . | . . . . . . . . . . . . . . Machines Disabled . | . . . . . . . . . . . . . . Actions | -11 -10 -10 -8 -8 -6 -6 -6 -6 -5 -5 -5 -5 -5 --------- Run | Yrd Mat Sub Rec Scr Fac Low Low Dat Pro Fac Upp Upp War Total 13156 | 55 480 1626 1080 1242 2636 1680 537 90 720 1357 632 934 87 Wait 1132 | . 5 28 99 28 492 23 6 . 54 309 1 86 1 Move 10732 | 39 394 1471 802 1168 1670 1595 520 89 644 901 593 760 86 Hop . | . . . . . . . . . . . . . . Pick Up 156 | 6 15 13 17 9 52 11 2 . 1 19 3 8 . Fast Attach 77 | 7 8 5 2 1 26 3 . . 1 14 2 8 . Attach 53 | . 2 3 2 2 27 3 1 . . 8 2 3 . Detach 12 | . . . . . 7 1 . . . 1 1 2 . Swap 145 | . 12 19 10 9 41 9 1 1 4 32 5 2 . Drop 146 | . 14 21 8 7 60 7 2 . 1 14 5 7 . Fire 484 | 3 30 57 22 14 203 27 5 . 15 56 20 32 . Melee 11 | . . . . 4 7 . . . . . . . . Ram 4 | . . . . . 4 . . . . . . . . Kick . | . . . . . . . . . . . . . . Crush 4 | . . . . . 1 . . . . 1 . 2 . Escape Stasis 41 | . . . . . 41 . . . . . . . . Rewire 140 | . . . 116 . . . . . . . . 24 . Trap 1 | . . . . . 1 . . . . . . . . Miscellaneous 18 | . . 9 2 . 4 1 . . . 2 . . . Route ------- -11/Scrapyard -10/Materials (discovered 2 exits: [*Mat] / *Sub) -10/Subcaves (discovered 2 exits: [*Mat] / *Rec) -8/Recycling (discovered 2 exits: *Fac / *Scr) -8/Scraptown (discovered 2 exits: *Fac x2) -6/Factory (discovered 3 exits: *Fac x2 / *Low) -6/Lower Caves -6/Lower Caves (discovered 2 exits: *Fac / *Dat) -6/Data Miner -5/Proximity Caves -5/Factory (discovered 3 exits: Fac x2 / *Upp) -5/Upper Caves -5/Upper Caves (discovered 2 exits: *Fac / *War) -5/Warlord History --------- Turn | Location | Event 15 | -11/Scrapyard | Discovered new exit (range 16) 75 | -11/Scrapyard | Entered Materials 270 | -10/Materials | Central database locked down 302 | -10/Materials | Build established: Mutant 454 | -10/Materials | Discovered new exit (range 8) 675 | -10/Materials | Derelicts attacked the area 728 | -10/Materials | Discovered new exit (range 10) 863 | -10/Materials | Entered Subcaves 864 | -10/Subcaves | Approached by a straggling Scientist 865 | -10/Subcaves | Shifting Twisted Machinery released Sub. Monowheel 879 | -10/Subcaves | Shifting Twisted Machinery released Sub. Beam Cannon 1211 | -10/Subcaves | Disturbed a concealed Subdweller 1510 | -10/Subcaves | Ambushed by angry Subdweller bent on revenge 1603 | -10/Subcaves | Visited Clippyterm 1608 | -10/Subcaves | Learned Research machine intel 1608 | -10/Subcaves | Learned Factory stockpile data 1867 | -10/Subcaves | Discovered new exit (range 15) 1888 | -10/Subcaves | Learned 4 Materials zone layouts 1903 | -10/Subcaves | Core integrity fell below 50% 2035 | -10/Subcaves | Shifting Twisted Machinery released Sub. Laser 2042 | -10/Subcaves | Shifting Twisted Machinery released Slug Cannon 2053 | -10/Subcaves | Build established: Subdweller-Mutant 2105 | -10/Subcaves | Learned location of Zion (-7) 2776 | -10/Subcaves | Discovered new exit (range 13) 3218 | -10/Subcaves | Entered Recycling 3606 | -8/Recycling | Build established: Commander-Mutant 4023 | -8/Recycling | Discovered new exit (range 16) 4260 | -8/Recycling | Identified exit to Factory 4520 | -8/Recycling | Scanned before Scraplab entrance 4597 | -8/Recycling | Discovered new exit (range 2) 4597 | -8/Recycling | Identified exit to Scraptown 4634 | -8/Recycling | Entered Scraptown 4634 | -8/Scraptown | Accompanied by 12 allies 4637 | -8/Scraptown | System corruption cleaned by C-Scrubber 5048 | -8/Scraptown | Scanned Subdweller tech in exchange for log data 5051 | -8/Scraptown | Learned Factory stockpile data 5052 | -8/Scraptown | Learned location of 2 exits from Lower Caves 5054 | -8/Scraptown | Learned location of 2 exits from Research 5078 | -8/Scraptown | Discovered exit to Factory (range 7) 5206 | -8/Scraptown | Visited Shadow of the Wyrm 5234 | -8/Scraptown | Visited The Evicted 5270 | -8/Scraptown | Visited Fellowship of the Rings 5484 | -8/Scraptown | Visited Assassins FH 5526 | -8/Scraptown | Visited UFD Registry 5526 | -8/Scraptown | Registered with UFD as "Metarider" 5539 | -8/Scraptown | Visited Cyclists 5555 | -8/Scraptown | Entered Cyclist Reading Room 5597 | -8/Scraptown | Visited IN-MT5's Study 5723 | -8/Scraptown | Visited Scrapoid Pod Storage 5752 | -8/Scraptown | Visited Derelict Rescue Squad 5761 | -8/Scraptown | Found DRS Beacon 5810 | -8/Scraptown | Delivered Scrap Shield to a Scientist 6028 | -8/Scraptown | Visited Science Guys 6083 | -8/Scraptown | Visited Scrap Suit Storage 6144 | -8/Scraptown | Met Optimus 6144 | -8/Scraptown | Accepted into 0bPrime 6240 | -8/Scraptown | Visited Junk Repository 6282 | -8/Scraptown | Visited Analyses Database 6314 | -8/Scraptown | Visited Abandonware Association 6330 | -8/Scraptown | Civil war broke out across Scraptown 6331 | -8/Scraptown | Learned abandonware demo "REBOOT5.EXE" 6376 | -8/Scraptown | Discovered exit to Factory (range 11) 6382 | -8/Scraptown | Core integrity fell below 20% 6384 | -8/Scraptown | Found Scrap Suit 6426 | -8/Scraptown | Crushed by falling debris 6440 | -8/Scraptown | Entered Factory 6440 | -6/Factory | Accompanied by 1 ally 6440 | -6/Factory | Evolved 8 slots: Propulsion x2, Utility x5, Weapon x1 6453 | -6/Factory | Destroyed 15 combat bots 6461 | -6/Factory | Lost 23 allies 6960 | -6/Factory | Repaired Spk. Treads 7714 | -6/Factory | Build established: Scavenger-Tank 7859 | -6/Factory | Fabricated Hvy. Reactive Plating? 7978 | -6/Factory | Allied Derelicts emerged from ambush trap array 8010 | -6/Factory | Loaded intel: 8 recycling unit locations 8128 | -6/Factory | Build established: Hacker-Tank 8151 | -6/Factory | Repaired Enh. Fission Core 8234 | -6/Factory | Found Prototype Processor 8234 | -6/Factory | Identified Exp. Targeting Computer 8239 | -6/Factory | Found Faulty Exp. Targeting Computer 8247 | -6/Factory | Garrison activated, responded to threat 8379 | -6/Factory | Discovered new exit (range 15) 8600 | -6/Factory | Learned location of Protoforge (-2) 8958 | -6/Factory | Fabricated Hvy. Reactive Plating (x1) 9170 | -6/Factory | Lost 3 parts (2n1u) 9698 | -6/Factory | Discovered new exit (range 15) 9804 | -6/Factory | Discovered new exit (range 15) 9831 | -6/Factory | Spotted B-75 Beast 9853 | -6/Factory | Destroyed B-75 Beast 9925 | -6/Factory | Fabricated Imp. Hardlight Generator? 9940 | -6/Factory | First assault squad dispatched 10327 | -6/Factory | Entered Lower Caves 10328 | -6/Lower Caves | Identified exit to Lower Caves 10329 | -6/Lower Caves | UFD Scientist delivered a prototype 10332 | -6/Lower Caves | Found Prototype Protection 10332 | -6/Lower Caves | Identified Enh. Scrap Shield 10334 | -6/Lower Caves | Learned Factory stockpile data 10601 | -6/Lower Caves | Build established: Hacker-Skirmisher 11342 | -6/Lower Caves | Attracted the attention of an 0b10 checkpoint 11619 | -6/Lower Caves | Attracted the attention of an 0b10 base 11643 | -6/Lower Caves | Core integrity fell below 50% 11669 | -6/Lower Caves | Activated DRS Beacon 11894 | -6/Lower Caves | Encountered a Warlord checkpoint 12022 | -6/Lower Caves | Build established: Hacker-Tank 13162 | -6/Lower Caves | Entered another Lower Caves area 13163 | -6/Lower Caves | Identified exit to Data Miner 13217 | -6/Lower Caves | Discovered new exit (range 11) 14310 | -6/Lower Caves | Entered Data Miner 14310 | -6/Data Miner | Discovered new exit (range 6) 14359 | -6/Data Miner | Met Data Miner 14401 | -6/Data Miner | Learned location of Section 7 (-2) 14401 | -6/Data Miner | Acquired the access code to Warlord's prototype stash 14433 | -6/Data Miner | Received God Mode back door access code from Data Miner 14495 | -6/Data Miner | Entered Proximity Caves 14552 | -5/Proximity Caves | Learned 12 Factory zone layouts 15275 | -5/Proximity Caves | Learned Factory trap positions 15747 | -5/Proximity Caves | Attracted the attention of an 0b10 checkpoint 15803 | -5/Proximity Caves | Learned location of Warlord (-5) 15810 | -5/Proximity Caves | Discovered new exit (range 5) 15835 | -5/Proximity Caves | Attracted the attention of an 0b10 outpost 15862 | -5/Proximity Caves | Entered Factory 15862 | -5/Factory | Evolved 2 slots: Power x1, Utility x1 15863 | -5/Factory | Identified exit to Factory 15864 | -5/Factory | Loaded intel: 105 trap records 16166 | -5/Factory | Build established: Scavenger-Mutant 16178 | -5/Factory | Repaired Imp. Hardlight Generator 16488 | -5/Factory | Build established: Scavenger-Skirmisher 17018 | -5/Factory | Discovered new exit (range 6) 17027 | -5/Factory | Identified exit to Upper Caves 17310 | -5/Factory | Loaded intel: 8 recycling unit locations 17482 | -5/Factory | Destroyed 8 combat bots 17633 | -5/Factory | Incoming investigation squad redirected 17762 | -5/Factory | Build established: Scavenger-Mutant 17898 | -5/Factory | Cargo convoy interrupted 17962 | -5/Factory | First assault squad dispatched 18101 | -5/Factory | Fabricated Hvy. Reactive Plating (x1) 18139 | -5/Factory | Entered Upper Caves 18258 | -5/Upper Caves | Build established: Scavenger-Tank 18556 | -5/Upper Caves | Attracted the attention of an 0b10 outpost 18888 | -5/Upper Caves | Discovered new exit (range 2) 18890 | -5/Upper Caves | Build established: Tank 18890 | -5/Upper Caves | Identified exit to Upper Caves 19074 | -5/Upper Caves | Entered another Upper Caves area 19233 | -5/Upper Caves | Discovered exit to Factory (range 8) 19458 | -5/Upper Caves | Attracted the attention of an 0b10 checkpoint 19658 | -5/Upper Caves | Learned Factory security intel 19839 | -5/Upper Caves | Attracted the attention of an 0b10 outpost 19898 | -5/Upper Caves | System corruption reached 10% 19939 | -5/Upper Caves | Core integrity fell below 50% 19952 | -5/Upper Caves | Lost 14 parts (2p5n4u3w) 20061 | -5/Upper Caves | Entered an active Warlord outpost 20085 | -5/Upper Caves | Learned Factory security intel 20085 | -5/Upper Caves | Learned Extension terminal intel 20085 | -5/Upper Caves | Learned Research garrison access intel 20085 | -5/Upper Caves | Learned Armory garrison access intel 20197 | -5/Upper Caves | Build established: Mutant 20231 | -5/Upper Caves | Discovered new exit (range 7) 20239 | -5/Upper Caves | Identified exit to Warlord 20424 | -5/Upper Caves | Found Alien Artifact 20424 | -5/Upper Caves | Identified Dimensional Node Initializer 20424 | -5/Upper Caves | Initialized slip node 20539 | -5/Upper Caves | Core integrity fell below 20% 20561 | -5/Upper Caves | Entered Warlord 20576 | -5/Warlord | Lost 4 parts (1p2n1u) 20587 | -5/Warlord | System corruption cleaned by Quarantine Array 20605 | -5/Warlord | Destroyed by 89-AS2(g) with Beamcaster Last Messages --------------- 20542_ Acquired Imp. Plasma Cutter. 20543_ Acquired Multitool. 20544_ System corrupted: Heat flow error (+262). 20545_ Field Propulsion Drive destroyed. LOCATION=WARLORD GOAL=ESCAPE 20573_ #DQO>X<#VUOZZY%<